 Dungeon Crawl Stone Soup version 0.19.1-1-g22dce08 (webtiles) character file.

309 Macro the Cutter (level 6, -7/42 HPs)
             Began as a Halfling Fighter on Jan 18, 2017.
             Was an Initiate of Ru.
             Mangled by an ogre
             ... wielding a +0 giant club
              (9 damage)
             ... on level 4 of the Dungeon.
             The game lasted 00:12:05 (2664 turns).

Macro the Cutter (Halfling Fighter)                 Turns: 2664, Time: 00:12:06

Health: -7/42      AC: 12    Str: 18    XL:     6   Next: 69%
Magic:  6/6        EV:  5    Int:  6    God:    Ru [......]
Gold:   142        SH: 10    Dex: 15    Spells: 0 memorised, 5 levels left

rFire  . . .     SeeInvis .     a - +0 rapier
rCold  . . .     Gourm    .     s - +0 plate armour
rNeg   . . .     Faith    .     c - +0 shield
rPois  .         Spirit   .     t - +0 helmet
rElec  .         Reflect  .     (no cloak)
rCorr  .         Harm     .     (no gloves)
MR     .....                    (no boots)
Stlth  ..........               (no amulet)
                                (no ring)
                                (no ring)

@: no status effects
A: mutation resistance 1
a: Renounce Religion


You were on level 4 of the Dungeon.
You worshipped Ru.
Ru was noncommittal.
You were not hungry.

You visited 1 branch of the dungeon, and saw 4 of its levels.

You collected 142 gold pieces.

Inventory:

Hand Weapons
 a - a +0 rapier (weapon)
Armour
 c - a +0 shield (worn)
 s - a +0 plate armour (worn)
 t - a +0 helmet (worn)
Wands
 n - a wand of acid (5/15)
 u - a wand of digging (10/24)
Scrolls
 e - 2 scrolls of teleportation {unknown}
 h - 2 scrolls of identify {unknown}
 i - 3 scrolls of enchant armour {unknown}
 j - a scroll of recharging {unknown}
 k - 4 scrolls of remove curse {unknown}
 m - a scroll of blinking {unknown}
 o - 2 scrolls of magic mapping {unknown}
 r - 3 scrolls of amnesia {unknown}
Potions
 b - 2 potions of ambrosia {unknown}
 d - 2 potions of might
 g - 3 potions of curing {unknown}
 l - a potion of haste {unknown}
 q - a potion of heal wounds {unknown}
 v - a potion of degeneration {unknown}
Books
 p - a book of Misfortune

   Spells                             Type                      Level
   a - Confusing Touch                Hexes                        1
   b - Confuse                        Hexes                        3
   c - Gell's Gravitas                Hexes/Translocation          3
   d - Petrify                        Transmutation/Earth          4
   e - Metabolic Englaciation         Hexes/Ice                    5
   f - Yara's Violent Unravelling     Hexes/Transmutation          5
Comestibles
 f - a bread ration


   Skills:
 + Level 3.3 Fighting
 * Level 6.2 Short Blades
 + Level 3.9 Armour
 + Level 0.2 Stealth
 + Level 4.3 Shields


You had 5 spell levels left.
You didn't know any spells.

Dungeon Overview and Level Annotations

Branches:
Dungeon (4/15)
 Temple: D:4-7

Altars:
Ru


Innate Abilities, Weirdness & Mutations

You are small and have problems with some larger weapons.
You are somewhat resistant to further mutation.


Message History

You hit the ogre.
The ogre is severely wounded.
The ogre hits you with a giant club.
Your shield and plate armour prevent you from hitting the ogre.
The ogre is severely wounded.
The ogre hits you but does no damage.
You barely miss the ogre.
The ogre is severely wounded.
You block the ogre's attack.
You hit the ogre.
The ogre is almost dead.
Your shield and plate armour prevent you from hitting the ogre.
The ogre is almost dead.
The ogre hits you with a giant club!
* * * LOW HITPOINT WARNING * * *
You block the ogre's attack.
You hit the ogre.
The ogre is almost dead.
The ogre hits you with a giant club!
You die...

....... .......
....... .......
###...O...
######......l..
#.......#
..#####O# #.@.#
#.### #####.#
#....<# #.#####


You could see an ogre.

Vanquished Creatures
  A sky beast (D:3)
  A howler monkey (D:3)
  Ijyb (D:3)
  Terence (D:2)
  2 adders
  2 oozes
  2 worms (D:2)
  A dart slug (D:1)
  A leopard gecko (D:1)
  5 orcs (D:3)
  15 bats
  4 giant cockroaches
  15 goblins
  4 hobgoblins
  4 jackals (D:2)
  7 kobolds
  3 quokkas
  6 frilled lizards
  4 rats
79 creatures vanquished.

Notes
Turn   | Place    | Note
-------+----------+-------------------------------------------
     0 | D:1      | Macro the Halfling Fighter began the quest for the Orb.
     0 | D:1      | Reached XP level 1. HP: 15/15 MP: 1/1
    82 | D:1      | Reached XP level 2. HP: 12/20 MP: 2/2
   295 | D:1      | Reached XP level 3. HP: 20/25 MP: 3/3
   870 | D:2      | Reached skill level 3 in Short Blades
  1251 | D:2      | Reached XP level 4. HP: 29/31 MP: 4/4
  1361 | D:2      | Noticed Terence
  1373 | D:2      | Killed Terence
  1373 | D:2      | Reached skill level 4 in Short Blades
  1606 | D:2      | Reached XP level 5. HP: 28/36 MP: 5/5
  2049 | D:3      | Noticed a sky beast
  2066 | D:3      | Killed a sky beast
  2066 | D:3      | Reached skill level 5 in Short Blades
  2066 | D:3      | Reached XP level 6. HP: 33/42 MP: 6/6
  2237 | D:3      | Found a sacrificial altar of Ru.
  2324 | D:3      | Noticed Ijyb
  2344 | D:3      | Killed Ijyb
  2470 | D:3      | Reached skill level 6 in Short Blades
  2603 | D:3      | Became a worshipper of Ru the Awakened
  2645 | D:4      | Noticed an ogre
  2662 | D:4      | HP: 2/42 [ogre/giant club (16)]
  2664 | D:4      | Mangled by an ogre

Skill      XL: |  1  2  3  4  5  6 |
---------------+-------------------+-----
Fighting       | 3 |  3.3
Short Blades   | 3 4 5 6 |  6.2
Shields        | 4 |  4.3
Armour         | |  3.9
Stealth        | |  0.2

Action                   |  1- 3 |  4- 6 || total
-------------------------+-------+-------++-------
Melee: Rapier            |   145 |   196 ||   341
  Eat: Chunk             |     1 |     5 ||     6
Armor: Scale mail        |    81 |    13 ||    94
       Plate armour      |       |    60 ||    60
Dodge: Dodged            |    62 |    45 ||   107
Block: Shield            |    94 |    76 ||   170
